 Dungeon Crawl Stone Soup version 0.30.1-9-gdf580d7c3d (webtiles) character file.

Game seed: 4807031851466465445

669 lonewolfV2 the Trooper (level 7, -52/64 HPs)
             Began as a Hill Orc Fighter on Oct 13, 2023.
             Annihilated by an ogre
             ... wielding a +0 giant spiked club
              (58 damage)
             ... on level 5 of the Dungeon.
             The game lasted 00:09:32 (4750 turns).

lonewolfV2 the Trooper (Hill Orc Fighter)           Turns: 4750, Time: 00:09:33

Health: -52/64     AC:  4    Str: 21    XL:     7   Next: 58%
Magic:  7/7        EV:  2    Int:  8    God:
Gold:   194        SH:  0    Dex: 14    Spells: 6/6 levels left

rFire   . . .        q - +3 mace of the Thoughtful Ghosts {speed, *Noise rN+ Dex+4}
rCold   + . .        c - +1 buckler
rNeg    + . .        r - +1 leather armour of Hiceiher {rPois}
rPois   +            (no helmet)
rElec   .            (no cloak)
rCorr   .            (no gloves)
SInv    .            (no boots)
Will    .....        (no amulet)
Stlth   +            j - ring of wizardry
HPRegen 0.30/turn    g - ring of protection from cold
MPRegen 0.10/turn

%: wizardry (x1)
@: sleeping, studying Long Blades
A: no striking features
a: no special abilities


You were on level 5 of the Dungeon.
You visited 1 branch of the dungeon, and saw 5 of its levels.

You collected 194 gold pieces.

Inventory:

Hand Weapons
 a - a +1 war axe
 o - the +6 whip "Transmigrator" {holy, Drain rC+ rN+ Stlth+}
   (You found it on level 2 of the Dungeon)

   rC:        It protects you from cold.
   rN:        It protects you from negative energy.
   Drain:     It drains your maximum health when unequipped.
   Stlth:     It makes you more stealthy.
 p - the +5 Force Lance {heavy, knockback}
   (You found it on level 3 of the Dungeon)
 q - the +3 mace of the Thoughtful Ghosts (weapon) {speed, *Noise rN+ Dex+4}
   (You found it on level 3 of the Dungeon)

   Dex:       It affects your dexterity (+4).
   rN:        It protects you from negative energy.
   *Noise:    It may make noises in combat.
Armour
 b - a +0 scale mail
 c - a +1 buckler (worn)
 r - the +1 leather armour of Hiceiher (worn) {rPois}
   (You found it on level 3 of the Dungeon)

   rPois:     It protects you from poison.
Jewellery
 g - a ring of protection from cold (right hand)
 i - a ring of fire
 j - a ring of wizardry (left hand)
Scrolls
 d - 2 scrolls of identify
 f - 3 scrolls of teleportation
 k - a scroll of enchant weapon
 s - a scroll of blinking
 t - a scroll of fear
Potions
 e - a potion of flight
 h - a potion of attraction
 l - a potion of magic {unknown}
 m - 2 potions of curing
 n - a potion of mutation {unknown}
 u - a potion of haste {unknown}


   Skills:
 + Level 6.5 Fighting
 - Level 3.5(5.9) Axes
 * Level 6.2(6.5) Maces & Flails
 - Level 3.8 Armour
 - Level 3.8 Shields


You had 6 spell levels left.
You didn't know any spells.
Your spell library contained the following spells:

 Spells                   Type           Power      Damage    Failure   Level
 Dazzling Flash           Conj/Hex       0%         N/A       56%         3
 Agony                    Necr           0%         N/A       99%         5
 Silence                  Hex/Air        0%         N/A       99%         5
 Simulacrum               Ice/Necr       0%         N/A       100%        6
 Ozocubu's Refrigeration  Ice            0%         4d7       100%        7
 Polar Vortex             Ice            0%         N/A       100%        9


Dungeon Overview and Level Annotations

Branches:
Dungeon (5/15)             Temple (0/1) D:4

Altars:
Sif Muna

Annotations:
D:5 2 transporters, NorthWizard01's ghost, amateur OpFE


Message History

The jelly quivers.
Found a stone staircase leading down.
The jelly jiggles.
You open the door.
Found 4 stones.
A sleepcap and an ogre come into view.
The ogre shouts!
A jelly comes into view.
There is an open door here.
There are monsters nearby!
There are monsters nearby!
There are monsters nearby!
The sleepcap releases spores at you.
You are engulfed in a cloud of soporific spores!
You fall asleep.
The sleepcap releases spores at you!!
You wake up.
The sleepcap closely misses you.
The jelly quivers.
The sleepcap releases spores at you.
You sock the sleepcap!
The sleepcap is heavily damaged.
You block the sleepcap's attack.
The ogre hits you with a +0 giant spiked club!!
* * * LOW HITPOINT WARNING * * *
You hit the sleepcap but do no damage.
The sleepcap is heavily damaged.
You barely miss the ogre. The sleepcap releases spores at you.
* * * LOW HITPOINT WARNING * * *
The ogre hits you with a +0 giant spiked club.
* * * LOW HITPOINT WARNING * * *
Unknown command.
You sock the ogre!
The ogre is moderately wounded.
The sleepcap releases spores at you.
* * * LOW HITPOINT WARNING * * *
You are engulfed in a cloud of soporific spores!
You fall asleep.
The ogre hits you with a +0 giant spiked club!!!
Ouch! That really hurt!
You die...

..#.........#..###
..##8..J..8##....#
...#########...#.#
.......©.......#># .
##.............##.# ...
..#.###.########.#
....####.#.# #.########.#
≈..(J....#.###.##....####
.......O@'.....##.♣.♣.##≈
..###...f#.######.....P≈≈
#....#......#..8.....
#....########.....P≈≈
#....# #.♣.♣.##≈ #....#
#....#### #....# ###### #
#....# # #


You could see an ogre, a sleepcap and a jelly.

Vanquished Creatures
  2 black bears (D:4)
  2 ogres
  Blork the orc (D:5)
  A scorpion (D:5)
  A hound (D:4)
  Natasha (D:4)
  3 gnolls (D:4)
  5 adders
  A worm (D:5)
  3 dart slugs
  4 orcs (D:3)
  7 endoplasms
  3 giant cockroaches
  3 goblins
  6 hobgoblins
  7 kobolds
  5 quokkas
  4 ball pythons
  2 bats
  A frilled lizard (D:2)
  10 rats
72 creatures vanquished.

Notes
Turn   | Place    | Note
-------+----------+-------------------------------------------
     0 | D:1      | lonewolfV2 the Hill Orc Fighter began the quest for the
                  | Orb.
     0 | D:1      | Reached XP level 1. HP: 19/19 MP: 1/1
    50 | D:1      | Reached XP level 2. HP: 27/27 MP: 2/2
   278 | D:1      | Found a faded altar of an unknown god.
   340 | D:1      | Reached XP level 3. HP: 33/33 MP: 3/3
  1016 | D:2      | Identified the +6 whip "Transmigrator" {holy, Drain rC+ rN+
                  | Stlth+}
  1239 | D:3      | Found the +5 Force Lance {heavy, knockback}
  1258 | D:3      | Reached XP level 4. HP: 39/40 MP: 4/4
  1272 | D:3      | Identified the +3 mace of the Thoughtful Ghosts {speed,
                  | *Noise rN+ Dex+4}
  1280 | D:3      | Identified the +1 leather armour of Hiceiher {rPois}
  1316 | D:3      | Reached skill level 1 in Maces & Flails
  2508 | D:4      | Found a staircase to the Ecumenical Temple.
  2579 | D:4      | Noticed a black bear
  2586 | D:4      | Killed a black bear
  2587 | D:4      | Reached skill level 5 in Fighting
  2587 | D:4      | Reached XP level 5. HP: 28/48 MP: 5/5
  2624 | D:4      | Noticed a black bear
  2624 | D:4      | Noticed Natasha
  2909 | D:4      | Found a shimmering blue altar of Sif Muna.
  2985 | D:4      | Noticed an ogre
  3455 | D:4      | Reached XP level 6. HP: 56/56 MP: 6/6
  3470 | D:4      | Killed a black bear
  3595 | D:4      | Reached skill level 5 in Maces & Flails
  3603 | D:4      | Killed Natasha
  3702 | D:4      | Reached XP level 7. HP: 62/62 MP: 7/7
  3965 | D:5      | Entered Level 5 of the Dungeon
  4073 | D:5      | Noticed Blork the orc
  4425 | D:5      | Killed Blork the orc
  4586 | D:5      | Found a transporter.
  4597 | D:5      | Found a transporter.
  4600 | D:5      | Noticed NorthWizard01's ghost (amateur OpFE)
  4750 | D:5      | Annihilated by an ogre

Illustrated notes

Levels and vault maps discovered:
D:1:      dpeg_arrival_arbitrary_c, layout_rooms,
          ebering_ecumenical_altar_petrified
D:2:      layout_basic, minmay_quadrilaterals
D:3:      layout_rooms
D:4:      layout_gridville, mainiacjoe_overflow_paths, temple_pool_b,
          uniq_natasha
D:5:      layout_basic, nicolae_qazlal_general_emergency, gammafunk_ghost_arena,
          minmay_holes, dreamdust_princess_bridge, uniq_eustachio,
          uniq_blork_the_orc

Skill      XL: |  1  2  3  4  5  6  7 |
---------------+----------------------+-----
Axes           | 3 |  3.5
Fighting       | 4 5 6 |  6.5
Maces & Flails | 3 5 6 |  6.2
Armour         | |  3.8
Shields        | |  3.8

Action                     |  1- 3 |  4- 6 |  7- 9 || total
---------------------------+-------+-------+-------++-------
  Melee: War axe           |    97 |       |       ||    97
         Whip              |     8 |     4 |       ||    12
         Mace              |       |    79 |    50 ||   129
    Use: Scroll            |    10 |     5 |     1 ||    16
         Potion            |       |     5 |       ||     5
 Armour: Scale mail        |    41 |       |       ||    41
         Leather armour    |       |    16 |     9 ||    25
  Dodge: Dodged            |    50 |    54 |    15 ||   119
  Block: Buckler           |    36 |    25 |    12 ||    73
